 Dungeon Crawl Stone Soup version 0.19-a0-1320-g0178847 (webtiles) character file.

131570 mopl the Severer (level 17, -1/156 HPs)
             Began as a Hill Orc Fighter on Aug 31, 2016.
             Was a Follower of Uskayaw.
             Succumbed to a wolf spider's poison
             ... on level 1 of the Spider Nest.
             The game lasted 01:04:40 (29899 turns).

mopl the Severer (Hill Orc Fighter)                Turns: 29899, Time: 01:04:41

Health: -1/156     AC: 26    Str: 28    XL:     17   Next: 10%
Magic:  35/38      EV: 14    Int:  8    God:    Uskayaw [*.....]
Gold:   2095       SH:  0    Dex: 17    Spells: 2 memorised, 12 levels left

rFire  + . .     SeeInvis .     a - +0 battleaxe (elec)
rCold  . . .     Gourm    .     V - +4 plate armour {rF+}
rNeg   . . .     Faith    +     (shield currently unavailable)
rPois  +         Spirit   .     (no helmet)
rElec  +         Dismiss  .     W - +2 cloak {MR+}
rCorr  .         Reflect  .     r - +0 pair of gloves {Str+3}
MR     +++..     Harm     .     i - +0 pair of boots
Stlth  ..........               O - amulet of faith {!P}
                                X - ring of Ateta {rPois MR+ Str+4, =R}
                                N - ring of Irrepressible Laughter {rElec MP+9 Dex+2 Stlth+}

@: lethally poisoned (-1 -> -38), very slightly contaminated
A: no striking features
a: Stomp, Renounce Religion


You were on level 1 of the Spider Nest.
You worshipped Uskayaw.
Uskayaw was most pleased with you.
You were not hungry.

You visited 4 branches of the dungeon, and saw 25 of its levels.
You also visited: Labyrinth, Sewer, Ice Cave and Volcano.

You collected 2475 gold pieces.
You spent 380 gold pieces at shops.

Inventory:

Hand Weapons
 a - a +0 battleaxe of electrocution (weapon)
 b - a +2 battleaxe of flaming
Missiles
 s - 53 tomahawks (quivered)
 M - 5 throwing nets
Armour
 i - a +0 pair of boots (worn)
 r - a +0 pair of gloves of strength (worn)
 V - a +4 plate armour of fire resistance (worn)
 W - a +2 cloak of magic resistance (worn)
Rods
 n - a +2 rod of clouds (12/12) {!a}
   (You found it in a labyrinth)
 u - a +5 rod of ignition (11/11) {!a}
   (You found it in a labyrinth)
Jewellery
 q - the ring "Kiunysmov" {+Fly rPois Int-2}
   (You found it in a labyrinth)

   [ring of intelligence]

   It affects your intelligence (-2).
   It protects you from poison.
   It lets you fly.
 v - an uncursed ring of see invisible
 y - a +4 ring of evasion
 G - an uncursed ring of positive energy
 N - the ring of Irrepressible Laughter (left hand) {rElec MP+9 Dex+2 Stlth+}
   (You found it on level 8 of the Dungeon)

   [ring of magical power]

   It affects your dexterity (+2).
   It insulates you from electricity.
   It affects your magic capacity (+9).
   It makes you more stealthy.
 O - an amulet of faith (around neck) {!P}
 T - the ring "Viosusah" {*Tele rC+ MP+9 Int+7}
   (You found it on level 5 of the Lair of Beasts)

   [ring of teleportation]

   It may teleport you next to monsters.
   It affects your intelligence (+7).
   It protects you from cold.
   It affects your magic capacity (+9).
 X - the ring of Ateta (right hand) {rPois MR+ Str+4, =R}
   (You found it on level 5 of the Lair of Beasts)

   [ring of strength]

   It affects your strength (+4).
   It protects you from poison.
   It affects your resistance to hostile enchantments.
Wands
 h - a wand of disintegration (15/24)
 l - a wand of iceblast (5/15)
 x - a wand of digging (9/24)
 B - a wand of enslavement (10/24)
 I - a wand of paralysis (7/24)
 P - a wand of teleportation (2/9)
 S - a wand of polymorph (7/24)
 U - a wand of lightning (6/15)
Scrolls
 e - 7 scrolls of teleportation
 g - 4 scrolls of blinking
 j - 4 scrolls of recharging {unknown}
 o - 4 scrolls of fear
 w - 8 scrolls of remove curse
 E - a scroll of magic mapping
 L - 2 scrolls of fog
Potions
 d - 4 potions of might
 m - a potion of cancellation
 p - 7 potions of curing
 t - a potion of invisibility
 C - 4 potions of haste
 D - 5 potions of flight
 F - 5 potions of resistance
 H - a potion of lignification {unknown}
 J - 2 potions of ambrosia
 R - 2 potions of agility
 Y - 2 potions of berserk rage {berserk, unknown}
Miscellaneous
 c - a lamp of fire
 Q - a fan of gales
Comestibles
 f - 13 bread rations
 k - 3 chunks of flesh


   Skills:
 + Level 15.2 Fighting
 - Level 20.0 Axes
 + Level 13.3 Armour
 + Level 9.7 Dodging
   Level 3.2 Shields
 + Level 16.0 Invocations
 + Level 7.6 Evocations


You had 12 spell levels left.
You knew the following spells:

 Your Spells              Type           Power        Failure   Level  Hunger
i - Repel Missiles        Chrm/Air       #.....       100%        2    ###....
n - Swiftness             Chrm/Air       #.......     100%        2    ###....


Dungeon Overview and Level Annotations

Branches:
Dungeon (15/15)            Temple (0/1) D:6            Lair (6/6) D:10
 Shoals (0/4) Lair:4       Spider (2/4) Lair:3        Slime (0/5) Lair:6
    Orc (2/2) D:12            Elf (0/3) Orc:2        Vaults (0/5) D:13
 Depths (0/5) D:15

Altars:
Dithmenos
Gozag
Kikubaaqudgha
Sif Muna
Uskayaw
Xom
Yredelemnul
The Shining One
Beogh
Jiyva

Shops:
D:15 }   Orc:1 :   Orc:2 **[=

Annotations:
D:8 exclusion: oklob plant
D:14 exclusion: Roxanne, Roxanne
Lair:3 exclusion: oklob plant
Lair:4 bb


Message History

The redback barely misses you. The jumping spider barely misses you.
The jumping spider bites you but does no damage.
The orb spider spins a strand of pure energy.
The moth of wrath goads the redback on!
The redback goes berserk!
The moth of wrath goads the redback on!
The redback goes berserk!
Found a stone staircase leading up.
Blink to where?
Press: ? - help, Dir - move target cursor You are very lightly contaminated with residual magic.
As you read the scroll labeled WOK JIOROASTAV, it crumbles to dust.
It was a scroll of blinking.
* * * LOW HITPOINT WARNING * * *
You feel very sick.
Found 2 scrolls of identify and a scroll of immolation.
Unknown command.
* * * LOW HITPOINT WARNING * * *
You feel very sick.
The orb spider weaves a glowing orb of energy.
You climb upwards.
You die...

#.............#.
###..............
###.##.............
####..^###............ #......#
##.#......... ##....[##
###..(...... #.......#
#.......^#
##......######..†......
#^....@......#.#....... ####
#............###.....[. #..##
#......................
#...####.....^....#......##^..
##......##........##......#....
##.................#....#..#....
#..................#....#..#..##
#.............#....##...##.#...#
###...........#.....##.#####...#


There were no monsters in sight!

Vanquished Creatures
  A storm dragon (D:12)
  A tengu reaver (D:12)
  Agnes (D:15)
  An orc warlord (Orc:2)
  An ettin (Orc:2)
  Snorg (D:10)
  A rakshasa (D:15)
  Erolcha (Orc:2)
  An ice dragon (Orc:1)
  Harold (D:10)
  Erica (Orc:1)
  5 catoblepae
  3 hydras
  6 centaur warriors
  2 death knights (D:12)
  21 death yaks (Lair:6)
  4 orc high priests (Orc:2)
  A fire crab (shapeshifter) (D:15)
  A fire crab (Lair:6)
  2 unseen horrors
  A giant orange brain (D:15)
  8 hill giants
  2 orc knights
  A deep elf archer (D:13)
  A phantasmal warrior (D:12)
  A lindwurm (Lair:6)
  4 cyclopes
  3 deep elf magi (D:13)
  An orb spider (Spider:1)
  4 manticores
  2 hornets (Spider:1)
  A necromancer (Lair:4)
  10 wolf spiders
  3 griffons (Lair:4)
  An orc sorcerer (Orc:2)
  20 ugly things
  The ghost of Hedron the Gouger, a novice FeBe of Trog (D:8)
  A moth of wrath (Spider:1)
  3 sirens (Lair:4)
  11 elephants
  2 torpor snails
  5 black mambas
  2 ice statues (IceCv)
  10 gargoyles
  12 spiny frogs
  6 rime drakes
  11 komodo dragons
  2 yaktaurs (shapeshifter) (D:15)
  3 demonic crawlers (Spider:1)
  An efreet (Volcano)
  2 yaktaurs (D:13)
  3 jumping spiders (Spider:1)
  3 meliai (D:14)
  9 trolls
  A polar bear (Orc:1)
  A merfolk (Lair:4)
  A boulder beetle (Spider:1)
  4 two-headed ogres
  9 blink frogs (Lair:6)
  4 dream sheep (Lair:6)
  8 slime creatures
  A shadow (D:13)
  16 redbacks
  2 wraiths
  3 vampires
  70 yaks
  7 tarantellas
  3 wyverns
  A hippogriff (shapeshifter) (D:14)
  2 chaos spawn (D:10)
  2 vampire mosquitoes (D:12)
  11 hippogriffs
  3 basilisks
  2 hungry ghosts
  A mottled dragon (D:13)
  4 wargs
  2 hell hounds (D:10)
  11 water moccasins
  7 porcupines
  11 ice beasts
  38 orc warriors
  An eye of draining (D:14)
  3 phantoms
  6 sky beasts
  A black bear (D:12)
  A boggart (D:13)
  3 wasps
  An elephant zombie (Lair:4)
  11 ogres
  9 crocodiles
  30 wolves
  3 centaurs
  4 big kobolds
  A komodo dragon zombie (Lair:4)
  12 giant frogs
  A wyvern zombie (D:10)
  A wyvern skeleton (D:11)
  5 scorpions
  7 wights
  4 howler monkeys
  An electric eel (Spider:1)
  5 centaur zombies
  A quasit (D:12)
  5 giant frog skeletons
  7 jellies
  7 hounds
  4 centaur skeletons
  3 giant frog zombies
  A gnoll shaman (Orc:2)
  39 orc priests
  39 orc wizards
  A basilisk zombie (Lair:4)
  4 iguanas
  14 worker ants
  A howler monkey skeleton (D:9)
  2 worker ant zombies
  4 gnolls
  A howler monkey zombie (D:10)
  21 adders
  59 river rats
  4 shadow imps
  13 oozes
  A worm (D:2)
  2 dart slugs
  4 giant geckos
  113 orcs
  8 bats
  8 giant cockroaches
  3 goblins
  4 hobgoblins
  8 jackals
  19 kobolds
  3 quokkas
  4 ball pythons
  10 giant newts
  14 rats
  A spectral orc (D:2)
  A bush (Lair:6)
  A fire vortex (Volcano)
  6 fungi
  3 plants (Lair:6)
984 creatures vanquished.

Vanquished Creatures (others)
  A minotaur (Lab)
  A tarantella (Spider:1)
  A centaur (D:13)
  A big kobold (D:13)
  An orc (Orc:2)
  2 bushes (Lair:1)
  24 fungi
  19 plants
50 creatures vanquished.

Grand Total: 1034 creatures vanquished

Notes
Turn   | Place    | Note
-------+----------+-------------------------------------------
     0 | D:1      | mopl the Hill Orc Fighter began the quest for the Orb.
     0 | D:1      | Reached XP level 1. HP: 19/19 MP: 1/1
    17 | D:1      | Reached skill level 3 in Axes
    37 | D:1      | Reached XP level 2. HP: 19/26 MP: 2/2
   237 | D:1      | Reached skill level 4 in Axes
   603 | D:2      | Reached XP level 3. HP: 31/31 MP: 3/3
   854 | D:2      | Reached skill level 5 in Axes
   959 | D:2      | Found a glowing golden altar of the Shining One.
  1095 | D:2      | Found a basalt altar of Yredelemnul.
  1408 | D:3      | Reached skill level 6 in Axes
  1408 | D:3      | Reached XP level 4. HP: 13/39 MP: 4/4
  1951 | D:3      | Found a hide-covered altar of Uskayaw.
  1952 | D:3      | Noticed a dagger
  1953 | D:3      | Noticed a dagger
  1961 | D:3      | Became a worshipper of Uskayaw the Reveler
  2159 | D:3      | Reached * piety under Uskayaw
  2267 | D:3      | Reached ** piety under Uskayaw
  2271 | D:3      | Reached skill level 1 in Invocations
  2271 | D:3      | Reached XP level 5. HP: 38/45 MP: 5/5
  2277 | D:3      | Reached *** piety under Uskayaw
  2278 | D:3      | Reached skill level 7 in Axes
  2278 | D:3      | Reached skill level 2 in Invocations
  2636 | D:4      | Found a deep blue altar of Sif Muna.
  2643 | D:4      | Got an encrusted plate armour
  2654 | D:4      | Identified the +0 plate armour of Tynnafeb {rPois} (You found it on level 4 of the Dungeon)
  2714 | D:4      | Reached XP level 6. HP: 50/51 MP: 7/7
  2736 | D:4      | Found a glowing drain.
  2742 | Sewer    | Entered a sewer
  2837 | Sewer    | Reached skill level 8 in Axes
  2837 | Sewer    | Reached skill level 3 in Invocations
  2867 | Sewer    | Found a glowing silver altar of Zin.
  3189 | D:4      | Reached XP level 7. HP: 56/57 MP: 9/9
  3291 | D:4      | Reached skill level 4 in Invocations
  3315 | D:5      | Entered Level 5 of the Dungeon
  3348 | D:5      | Reached skill level 9 in Axes
  3660 | D:5      | Reached skill level 10 in Axes
  3660 | D:5      | Reached skill level 5 in Invocations
  4090 | D:5      | Reached XP level 8. HP: 66/66 MP: 10/12
  4222 | D:6      | Reached skill level 4 in Fighting
  4252 | D:6      | Found a staircase to the Ecumenical Temple.
  4688 | D:6      | Reached skill level 4 in Armour
  4761 | D:6      | Reached skill level 6 in Invocations
  4767 | D:6      | Reached skill level 5 in Fighting
  4803 | D:6      | Reached skill level 11 in Axes
  4959 | D:7      | Reached XP level 9. HP: 41/74 MP: 6/13
  5008 | D:7      | Found a shadowy altar of Dithmenos.
  5250 | D:7      | Found an opulent altar of Gozag.
  5654 | D:8      | Reached skill level 5 in Armour
  5667 | D:8      | Got a heavily runed lapis lazuli ring
  5669 | D:8      | Identified the ring of Irrepressible Laughter {rElec MP+9 Dex+2 Stlth+} (You found it on level 8 of the Dungeon)
  5712 | D:8      | Reached skill level 7 in Invocations
  5713 | D:8      | Reached skill level 6 in Fighting
  5824 | D:8      | Noticed a two-headed ogre
  5833 | D:8      | Killed a two-headed ogre
  5833 | D:8      | Reached skill level 12 in Axes
  5971 | D:8      | Reached **** piety under Uskayaw
  5980 | D:8      | Noticed Hedron's ghost (novice FeBe)
  5982 | D:8      | Reached ***** piety under Uskayaw
  5989 | D:8      | Killed Hedron's ghost
  5989 | D:8      | Reached skill level 6 in Armour
  5989 | D:8      | Reached skill level 8 in Invocations
  6143 | D:8      | Reached skill level 7 in Fighting
  6168 | D:8      | Reached XP level 10. HP: 58/86 MP: 16/16
  6211 | D:8      | Reached skill level 13 in Axes
  6221 | D:8      | Noticed an oklob plant
  6687 | D:9      | Found an ancient bone altar of Kikubaaqudgha.
  7144 | D:9      | Learned a level 2 spell: Swiftness
  7218 | D:9      | Reached skill level 9 in Invocations
  7283 | D:9      | Reached skill level 7 in Armour
  7313 | D:9      | Reached skill level 8 in Fighting
  7313 | D:9      | Reached skill level 14 in Axes
  7477 | D:9      | Reached skill level 1 in Dodging
  7539 | D:10     | Entered Level 10 of the Dungeon
  7539 | D:10     | Noticed a hill giant
  7549 | D:10     | Killed a hill giant
  7549 | D:10     | Reached XP level 11. HP: 66/95 MP: 18/18
  7828 | D:10     | Noticed Harold
  7841 | D:10     | Killed Harold
  7841 | D:10     | Reached skill level 2 in Dodging
  7841 | D:10     | Reached skill level 10 in Invocations
  7842 | D:10     | Reached ****** piety under Uskayaw
  8035 | D:10     | Found a staircase to the Lair.
  8220 | D:10     | Found a glowing golden altar of the Shining One.
  8256 | D:10     | Reached skill level 15 in Axes
  8315 | D:10     | Reached skill level 9 in Fighting
  8315 | D:10     | Reached skill level 8 in Armour
  8401 | D:10     | Noticed Snorg
  8434 | D:10     | Killed Snorg
  8676 | D:10     | Noticed a red ugly thing
  8695 | D:10     | Reached skill level 3 in Dodging
  8697 | D:10     | Found a shimmering altar of Xom.
  8700 | D:10     | Killed a red ugly thing
  9141 | Lair:1   | Entered Level 1 of the Lair of Beasts
  9180 | Lair:1   | Reached XP level 12. HP: 67/106 MP: 20/20
  9189 | Lair:1   | Found a labyrinth entrance.
  9195 | Lab      | Entered a labyrinth
  9512 | Lab      | Reached skill level 16 in Axes
  9521 | Lab      | Reached skill level 11 in Invocations
  9919 | Lab      | Reached skill level 10 in Fighting
  9926 | Lab      | Got a creamy pearl robe
 10500 | Lab      | Noticed a minotaur
 10510 | Lab      | Killed a minotaur
 10543 | Lab      | Got a clouded brass ring
 10558 | Lab      | Got an ichor-stained ring mail
 10569 | Lab      | Identified the +3 ring mail "Baow" {*Corrode rN+ Stlth+} (You found it in a labyrinth)
 10589 | Lab      | Identified the +0 robe "Meratwomm" {rF+ Regen+ Str+4} (You found it in a labyrinth)
 10603 | Lab      | Identified a +2 rod of clouds (6/12) {!a} (You found it in a labyrinth)
 10604 | Lab      | Identified a +5 rod of ignition (11/11) (You found it in a labyrinth)
 10607 | Lab      | Identified the cursed ring "Kiunysmov" {+Fly rPois Int-2} (You found it in a labyrinth)
 10699 | Lair:1   | Reached skill level 4 in Dodging
 10702 | Lair:1   | Reached skill level 9 in Armour
 10838 | Lair:1   | HP: 4/106 [wolf spider (11)]
 11264 | Lair:1   | Identified a scroll of acquirement
 12102 | Lair:2   | Found a dark tunnel.
 12117 | Volcano  | Entered a volcano
 12720 | Lair:2   | Learned a level 2 spell: Repel Missiles
 13086 | Lair:3   | Found a hole to the Spider Nest.
 13125 | Lair:3   | Reached skill level 17 in Axes
 13252 | Lair:3   | Reached skill level 5 in Dodging
 13252 | Lair:3   | Reached XP level 13. HP: 93/115 MP: 21/21
 13275 | Lair:3   | Got a shimmering hand axe
 13276 | Lair:3   | Identified the +1 hand axe "Lodaadip" {chop, *Drain rPois MP+9 Str+2} (You found it on level 3 of the Lair of Beasts)
 13342 | Lair:3   | Reached skill level 12 in Invocations
 13387 | Lair:3   | Reached skill level 11 in Fighting
 14495 | Lair:3   | Reached skill level 10 in Armour
 14674 | Lair:4   | Found a staircase to the Shoals.
 15180 | Lair:4   | Noticed an entropy weaver
 15181 | Lair:4   | Noticed an entropy weaver
 15232 | Lair:4   | Reached skill level 6 in Dodging
 15371 | Lair:5   | Got a faintly glowing platinum ring
 15417 | Lair:5   | Identified the ring of Ateta {rPois MR+ Str+4} (You found it on level 5 of the Lair of Beasts)
 15521 | Lair:5   | Got a vibrating iron ring
 15568 | Lair:5   | Reached skill level 18 in Axes
 15575 | Lair:5   | Identified the ring "Viosusah" {*Tele rC+ MP+9 Int+7} (You found it on level 5 of the Lair of Beasts)
 16744 | Lair:6   | Entered Level 6 of the Lair of Beasts
 16842 | Lair:6   | Reached XP level 14. HP: 113/125 MP: 23/23
 16847 | Lair:6   | Reached skill level 12 in Fighting
 16864 | Lair:6   | Reached skill level 13 in Invocations
 17087 | Lair:6   | Found a viscous altar of Jiyva.
 17088 | Lair:6   | Found a staircase to the Slime Pits.
 17400 | Lair:6   | Reached skill level 19 in Axes
 17441 | Lair:6   | Reached skill level 7 in Dodging
 17976 | Lair:6   | Reached skill level 11 in Armour
 18642 | Lair:6   | Got a spiked chain mail
 18653 | Lair:6   | Identified the cursed +1 chain mail "Veiff" {Str-3 Int+6} (You found it on level 6 of the Lair of Beasts)
 18767 | Lair:6   | Reached XP level 15. HP: 82/134 MP: 25/25
 18770 | Lair:6   | Reached skill level 14 in Invocations
 18776 | Lair:6   | Reached skill level 13 in Fighting
 19437 | D:11     | Reached skill level 20 in Axes
 20545 | D:11     | Reached skill level 1 in Evocations
 20894 | D:12     | Reached skill level 2 in Evocations
 21178 | D:12     | Noticed a tengu reaver
 21184 | D:12     | Reached skill level 8 in Dodging
 21188 | D:12     | Noticed a storm dragon
 21188 | D:12     | Killed a tengu reaver
 21188 | D:12     | Reached skill level 3 in Evocations
 21200 | D:12     | Killed a storm dragon
 21459 | D:12     | Got a shimmering chain mail
 21470 | D:12     | Identified the +2 chain mail of the Crown {rPois MR- Stlth+} (You found it on level 12 of the Dungeon)
 21602 | D:12     | Found a roughly hewn altar of Beogh.
 21602 | D:12     | Found a staircase to the Orcish Mines.
 21605 | D:12     | Reached skill level 12 in Armour
 21921 | Orc:1    | Entered Level 1 of the Orcish Mines
 21964 | Orc:1    | Noticed Erica
 21984 | Orc:1    | Killed Erica
 21984 | Orc:1    | Reached skill level 4 in Evocations
 22115 | Orc:1    | Found a frozen archway.
 22144 | IceCv    | Entered an ice cave
 22944 | Orc:1    | Found Tarhelao's Book Shoppe.
 23494 | Orc:2    | Entered Level 2 of the Orcish Mines
 23494 | Orc:2    | Noticed Erolcha
 23699 | Orc:2    | Killed Erolcha
 23761 | Orc:2    | Noticed an orc warlord
 23791 | Orc:2    | Killed an orc warlord
 23814 | Orc:2    | Reached skill level 14 in Fighting
 23847 | Orc:2    | Found a roughly hewn altar of Beogh.
 23859 | Orc:2    | Reached XP level 16. HP: 146/146 MP: 27/27
 23870 | Orc:2    | Reached skill level 5 in Evocations
 23889 | Orc:2    | Found a staircase to the Elven Halls.
 24595 | Orc:2    | Reached skill level 15 in Invocations
 24603 | Orc:2    | Found Joebai's Antique Armour Shoppe.
 24603 | Orc:2    | Found Yruda's Jewellery Shoppe.
 24604 | Orc:2    | Found Waxty's General Store.
 24607 | Orc:2    | Found Hedais's Assorted Antiques.
 24613 | Orc:2    | Bought a potion of might for 40 gold pieces
 24624 | Orc:2    | Bought a lead wand for 136 gold pieces
 24624 | Orc:2    | Bought a scroll labeled ZOENATEKUR for 34 gold pieces
 24624 | Orc:2    | Bought a silver ring for 170 gold pieces
 25427 | D:13     | Noticed Sonja
 25428 | D:13     | Noticed Sonja
 25428 | D:13     | Sonja changed into Sonja the rime drake
 25432 | D:13     | Killed Sonja the rime drake
 25965 | D:13     | Reached skill level 6 in Evocations
 26281 | D:13     | Found a gate to the Vaults.
 26368 | D:13     | Reached skill level 9 in Dodging
 26976 | D:14     | Noticed Roxanne
 27653 | D:15     | Entered Level 15 of the Dungeon
 27655 | D:15     | Noticed Agnes
 27664 | D:15     | Killed Agnes
 27704 | D:15     | Found Mabityil's Gadget Shop.
 27896 | D:15     | Reached skill level 13 in Armour
 28900 | D:15     | Reached skill level 15 in Fighting
 28900 | D:15     | Reached skill level 7 in Evocations
 28918 | D:15     | Found a staircase to the Depths.
 29112 | Spider:1 | Entered Level 1 of the Spider Nest
 29341 | Spider:1 | Reached XP level 17. HP: 129/156 MP: 28/28
 29826 | Spider:2 | Reached skill level 16 in Invocations
 29898 | Spider:2 | HP: 5/156 [poisoned by a wolf spider]
 29899 | Spider:1 | Succumbed to a wolf spider's poison

Vault maps used:
D:1:      minmay_arrival_plants_in_alcoves, serial_forest,
          infiniplex_forest_clump_tiny, infiniplex_forest_lined_2,
          infiniplex_forest_straight_3, infiniplex_forest_clump_medium,
          infiniplex_forest_straight_5, infiniplex_forest_end_2,
          infiniplex_forest_clump_cross, hangedman_abyss_or_decor_stabs
D:2:      tso_altar, yredelemnul_forgotten_temple_becter, serial_aquarium,
          aquarium_bridge_square, aquarium_bridge_square, aquarium_window_2,
          aquarium_window_fake, aquarium_window_corridor_2, aquarium_view_2c,
          aquarium_view_2f, aquarium_pool_double
D:3:      dancing_weapons_uskayaw, first_bread, cheibrodos_gnoll_hut
D:4:      kennysheep_mini, portal_sewer_entry_e
D:6:      roderic_serpentine_path, hangedman_decor_growths, minmay_crystal_room
D:7:      grunt_dithmenos_smoke_and_mirrors, kennysheep_little_box
D:8:      lemuel_slime
D:9:      lemuel_doored_altar
D:10:     minmay_lair_entry_lava, basic_altar,
          minmay_guarded_unrand_variability, uniq_snorg, uniq_harold
D:12:     minmay_containers, david_orc_5
D:13:     hangedman_vaults_entry_quadrant_bands, uniq_sonja
D:14:     minivault_24, uniq_roxanne
D:15:     gammafunk_enter_depths_forms, serial_shops, nicolae_shop_trees,
          uniq_agnes
Lair:1:   minmay_lair_venomous_thicket, lab_entry_generic, lemuel_fruit_tree,
          grunt_megastairs_4
Lair:2:   enter_volcano_4, columned_hall_lemuel, infiniplex_staircase_pool_2,
          serial_bayou_shore_a
Lair:3:   spider_nest_entry_rubble, grunt_megastairs_2
Lair:4:   pond_and_an_island_with_a_cottage, elwin_shoals_entry_stream,
          bh_chokoban, minmay_holes, wad_woods_antlair
Lair:6:   evilmike_catoblepas_cave, dpeg_slime_entry_enclosed_altar,
          grunt_megastairs_5
Spider:2: uniq_aizul
Orc:1:    portal_ice_cave_entry_animals_and_master, serial_shops,
          nicolae_shop_stone, uniq_erica
Orc:2:    st_orc_mages, basic_altar, uniq_erolcha
Lab:      labyrinth_mini_lab, nicolae_lab_plus, nicolae_lab_lava,
          nicolae_lab_t_cross, labyrinth_fake_exit, nicolae_lab_grate_2,
          labyrinth_skeletal_remains, lab_fountain, nicolae_lab_flowing_pool
Sewer:    sewer_kobolds
IceCv:    ice_cave_statue_garden_teleport
Volcano:  volcano_overflow

Skill      XL: |  1  2  3  4  5  6  7  8  9 10 11 12 13 14 15 16 17 |
---------------+----------------------------------------------------+-----
Axes           | 3 4 6 7 8 10 11 12 14 15 17 18 19 20 | 20.0
Invocations    | 1 2 3 5 6 8 9 10 11 12 13 14 15 16 | 16.0
Fighting       | 5 7 8 9 10 11 12 14 15 | 15.2
Armour         | 4 6 7 8 9 10 11 12 13 | 13.3
Dodging        | 1 3 5 6 7 8 9 |  9.7
Evocations     | 4 7 |  7.6
Shields        | |  3.2

Action                   |  1- 3 |  4- 6 |  7- 9 | 10-12 | 13-15 | 16-18 || total
-------------------------+-------+-------+-------+-------+-------+-------++-------
Melee: War axe           |   155 |   175 |   349 |   657 |   251 |       ||  1587
       Battleaxe         |       |       |       |       |   742 |   520 ||  1262
Invok: Line Pass         |       |     2 |     3 |     4 |     1 |     2 ||    12
       Stomp             |       |       |     6 |     5 |     3 |     7 ||    21
       Grand Finale      |       |       |       |     2 |     1 |     1 ||     4
 Abil: Evoke Flight      |       |       |       |     3 |       |       ||     3
Evoke: Wand              |       |       |     2 |       |     1 |     2 ||     5
       Rod               |       |       |       |       |     1 |       ||     1
  Use: Scroll            |     4 |     1 |     1 |    10 |     9 |     9 ||    34
       Potion            |       |     2 |       |     7 |     1 |     2 ||    12
 Stab: Paralysed         |       |     2 |     7 |    65 |   129 |    54 ||   257
       Confused          |       |     2 |       |       |       |       ||     2
       Invisible         |       |       |       |     1 |       |       ||     1
       Petrified         |       |       |       |       |    13 |       ||    13
       Petrifying        |       |       |       |       |     1 |       ||     1
  Eat: Chunk             |     2 |     7 |    14 |    23 |    33 |    19 ||    98
       Fruit             |       |       |       |     4 |       |       ||     4
       Pizza             |       |       |       |       |     2 |     3 ||     5
Armor: Scale mail        |    93 |       |       |       |       |       ||    93
       Chain mail        |     4 |    52 |       |    83 |       |       ||   139
       Plate armour      |       |    40 |   169 |   178 |   404 |   264 ||  1055
Dodge: Dodged            |    54 |    22 |    25 |   128 |   384 |   249 ||   862
Block: Shield            |    97 |    96 |   154 |   233 |   104 |       ||   684
